 Dungeon Crawl Stone Soup version 0.20.1-1-g8b1a95d (webtiles) character file.

38 digijack the Conjurer (level 3, 0/25 HPs)
             Began as a Demonspawn Conjurer on Dec 6, 2017.
             Slain by Sigmund
             ... wielding a +0 scythe
              (10 damage)
             ... on level 2 of the Dungeon.
             The game lasted 00:06:59 (1195 turns).

digijack the Conjurer (Demonspawn Conjurer)         Turns: 1195, Time: 00:07:01

Health: 0/25       AC:  3    Str:  8    XL:     3   Next: 25%
Magic:  2/6        EV: 12    Int: 17    God:
Gold:   24         SH:  0    Dex: 13    Spells: 3/6 levels left

rFire    . . .     SeeInvis .   g - +1 dagger (drain)
rCold    . . .     Gourm    .   (no shield)
rNeg     . . .     Faith    .   a - +0 robe
rPois    .         Spirit   .   (helmet restricted)
rElec    .         Reflect  .   h - +0 cloak
rCorr    .         Harm     .   (no gloves)
MR       .....                  (no boots)
Stlth    +.........             (no amulet)
Regen    0.1/turn               (no ring)
MPRegen  0.1/turn               (no ring)

@: confused, flying, very slightly contaminated
A: horns 1, powered by death 1
a: no special abilities


You were on level 2 of the Dungeon.
You were not hungry.

You visited 1 branch of the dungeon, and saw 2 of its levels.

You collected 24 gold pieces.

Inventory:

Hand Weapons
 g - a +1 dagger of draining (weapon)
Armour
 a - a +0 robe (worn)
 h - a +0 cloak (worn)
Potions
 i - a potion of flight
Books
 b - a book of Conjurations

   Spells                             Type                      Level
   a - Magic Dart                     Conjuration                  1
   b - Searing Ray                    Conjuration                  2
   c - Dazzling Spray                 Conjuration/Hexes            3
   d - Fulminant Prism                Conjuration/Hexes            4
   e - Force Lance                    Conjuration/Translocation    4
   f - Iskenderun's Mystic Blast      Conjuration                  4
Comestibles
 c - 3 bread rations
 d - 2 chunks of flesh
 f - 4 fruits


   Skills:
 + Level 0.6 Fighting
 + Level 2.1 Dodging
 + Level 2.1 Stealth
 + Level 2.3 Spellcasting
 + Level 4.4 Conjurations


You had 3 spell levels left.
You knew the following spells:

 Your Spells              Type           Power        Failure   Level  Hunger
a - Magic Dart            Conj           ###.         3%          1    #......
b - Searing Ray           Conj           ###...       4%          2    ##.....


Dungeon Overview and Level Annotations

Branches:
Dungeon (2/15)

Altars:

Annotations:
D:2 Sigmund


Innate Abilities, Weirdness & Mutations

You have a pair of small horns on your head.
You regenerate a little health from kills.


Message History

Confirm with . or Enter, or press ? or * to list all spells.
Aiming: Magic Dart
Press: ? - help, Shift-Dir - straight line, f/p - Sigmund
Aim: Sigmund, wielding a scythe and wearing a robe The magic dart hits Sigmund.
Sigmund is lightly wounded.
Sigmund casts a spell at you.
You are confused.
Assign waypoint to what number? (0-9)
Okay, then.
Assign waypoint to what number? (0-9)
Okay, then.
Level annotation: Sigmund Welcome back, digijack the Demonspawn Conjurer.
Press ? for a list of commands and other information.
You're too confused to cast spells.
Unknown command.
You bump into the rock wall.
Sigmund hits you from afar with a scythe!
You die...

.........# #######..#
#..# #..# #..# #..#
#..#
###############..#####
........@.@............
#######################


You could see Sigmund.

Vanquished Creatures
  An adder (D:1)
  2 dart slugs
  2 leopard geckos (D:1)
  4 bats
  A giant cockroach (D:1)
  3 goblins
  4 hobgoblins (D:1)
  2 frilled lizards (D:1)
  2 kobolds (D:1)
  2 rats (D:1)
23 creatures vanquished.

Notes
Turn   | Place    | Note
-------+----------+-------------------------------------------
     0 | D:1      | digijack the Demonspawn Conjurer began the quest for the Orb.
     0 | D:1      | Reached XP level 1. HP: 13/13 MP: 3/3
   283 | D:1      | Gained mutation: You regenerate a little health from kills. [demonic ancestry]
   283 | D:1      | Reached XP level 2. HP: 18/19 MP: 0/5
   355 | D:1      | Learned a level 2 spell: Searing Ray
   900 | D:1      | Gained mutation: You have a pair of small horns on your head. [demonic ancestry]
   900 | D:1      | Reached XP level 3. HP: 22/25 MP: 1/6
  1149 | D:2      | Noticed Sigmund
  1195 | D:2      | Slain by Sigmund

Skill      XL: |  1  2  3 |
---------------+----------+-----
Dodging        | 2 |  2.1
Stealth        | 2 |  2.1
Fighting       | |  0.6
Spellcasting   | |  2.3
Conjurations   | |  4.4

Action                   || total
-------------------------++-------
Melee: Unarmed           ||    13
       Dagger            ||     4
 Cast: Magic Dart        ||    37
       Searing Ray       ||     2
  Use: Potion            ||     4
       Scroll            ||     3
  Eat: Chunk             ||     1
Armor: Robe              ||     2
Dodge: Dodged            ||    13
